 Dungeon Crawl Stone Soup version 0.28-a0-447-g1f95980246 (webtiles) character file.

Game seed: 8792358462445858732

256 nicanaca0 the Insei (level 5, 0/40 HPs)
             Began as a Draconian Transmuter on Sept 12, 2021.
             Slain by a gnoll (6 damage)
             ... on level 3 of the Dungeon.
             The game lasted 00:07:11 (4507 turns).

nicanaca0 the Insei (Draconian Transmuter)          Turns: 4507, Time: 00:07:12

Health: 0/40       AC:  6    Str: 12    XL:     5   Next: 92%
Magic:  8/9        EV: 12    Int: 14    God:
Gold:   78         SH:  0    Dex: 12    Spells: 7/10 levels left

rFire   . . .      SeeInvis .     - Unarmed
rCold   . . .      Faith    .   (no shield)
rNeg    . . .      Spirit   .   (armour unavailable)
rPois   .          Reflect  .   (helmet currently unavailable)
rElec   .          Harm     .   (no cloak)
rCorr   .          Rampage  .   g - +0 pair of gloves
Will    .....                   (boots currently unavailable)
Stlth   +.........              (no amulet)
HPRegen 0.13/turn               (no ring)
MPRegen 0.11/turn               (no ring)

@: appendages
A: horns 2, talons 2, AC +5, unfitting armour, cold-blooded
a: End Transformation


You were on level 3 of the Dungeon.
You had temporarily grown beastly horns and talons.
You visited 1 branch of the dungeon, and saw 4 of its levels.

You collected 78 gold pieces.

Inventory:

Hand Weapons
 a - a +0 hunting sling
Missiles
 b - 45 sling bullets
 c - 113 stones
 k - 2 javelins
 r - 3 poisoned darts
Armour
 g - a +0 pair of gloves (worn)
 l - a +0 pair of boots (melded)
Jewellery
 f - an amulet of guardian spirit
Wands
 q - a wand of polymorph (2)
Scrolls
 d - a scroll of immolation {unknown}
 h - a scroll of acquirement {unknown}
 i - 2 scrolls of fog {unknown}
 j - a scroll of magic mapping {unknown}
 m - 3 scrolls of identify {unknown}
 n - a scroll of blinking {unknown}
 o - 2 scrolls of enchant armour {unknown}
 s - a scroll of noise {unknown}
Potions
 e - a potion of berserk rage {unknown}
 p - a potion of degeneration {unknown}


   Skills:
 - Level 1.3 Fighting
 - Level 1.9 Dodging
 * Level 4.6 Unarmed Combat
 + Level 3.1 Spellcasting
 * Level 4.1 Transmutations


You had 7 spell levels left.
You knew the following spells:

 Your Spells              Type           Power      Damage    Failure   Level
a - Beastly Appendage     Tmut           26%        N/A       4%          1
b - Wereblood             Tmut           13%        N/A       6%          2

Your spell library contained the following spells:

 Spells                   Type           Power      Damage    Failure   Level
 Spider Form              Tmut/Pois      3%         N/A       26%         3
 Ice Form                 Ice/Tmut       7%         N/A       65%         4


Dungeon Overview and Level Annotations

Branches:
Dungeon (4/15)
 Temple: D:4-7

Altars:


Innate Abilities, Weirdness & Mutations

You have temporarily grown beastly horns and talons.
Your plain brown scales are hard. (AC +5)
You cannot fit into any form of body armour.
You are cold-blooded and may be slowed by cold attacks.


Message History

The gnoll hits you from afar with a +0 spear.
* * * LOW HITPOINT WARNING * * *
You are too injured to fight recklessly!
You see here a +0 club.
You are too injured to fight recklessly!
You see here a +0 club.
You bump into the rock wall.
The gnoll closely misses you.
You bump into the rock wall.
You howl as the wereblood boils in your veins!
The gnoll closely misses you.
The orc wizard gestures wildly while chanting.
The orc wizard flickers and vanishes!
Deactivating autopickup; reactivate with Ctrl-A.
Found a scroll labelled OPSILO XOHOISHREU.
You howl as the wereblood boils in your veins!
You feel less confused.
Your primal bloodlust is almost over.
Your horns disappear.
Your talons disappear.
Your +0 pair of boots unmelds from your body.
You howl as the wereblood boils in your veins!
You howl as the wereblood boils in your veins!
There is a stone staircase leading up here.
You howl as the wereblood boils in your veins!
Your primal bloodlust has ended.
The gnoll hits you with a +0 whip.
* * * LOW HITPOINT WARNING * * *
You climb upwards.
Reactivating autopickup.
There is a stone staircase leading down here.
You hit the gnoll.
The gnoll is lightly wounded.
The gnoll closely misses you.
You hit the gnoll.
The gnoll is heavily wounded.
The gnoll barely misses you.
Casting: Beastly Appendage (safe; 4% risk of failure)
Confirm with . or Enter, or press ? or * to list all spells.
You grow a pair of large bovine horns.
Your feet morph into talons.
Your +0 pair of boots melds into your body.
The gnoll hits you with a +0 whip.
You die...

###########.####..# #........)...
...............#..###.##..#......
.##########.##.#......##..#..#..#
.# #.##.#<#######......... .#
#......# ##.......# .# ####.###
###.##### .# #.####### #...# # .#
#..g....# #...# # ## #######
#..@..#.# #...####
#.....####.###.#.#####...##..
#.....##.......#.#.>........#
#........#.##...............#
#.....####.###.#.#..........# ##
#.....# #.......#####...##.. .#
####### ##....### #...#### .#
#.#### #...# .##### #.# #...#


You could see a gnoll.

Vanquished Creatures
  An iguana (D:3)
  2 orc wizards (D:3)
  A howler monkey skeleton (D:4)
  6 adders
  2 worms (D:3)
  2 dart slugs
  3 orcs
  7 bats
  7 endoplasms
  4 giant cockroaches
  8 goblins
  4 hobgoblins
  17 jackals
  13 kobolds
  5 quokkas
  4 ball pythons
  6 frilled lizards
  5 rats
97 creatures vanquished.

Notes
Turn   | Place    | Note
-------+----------+-------------------------------------------
     0 | D:1      | nicanaca0 the Draconian Transmuter began the quest for the
                  | Orb.
     0 | D:1      | Reached XP level 1. HP: 16/16 MP: 3/3
   168 | D:1      | Reached XP level 2. HP: 17/23 MP: 3/5
   983 | D:1      | Reached XP level 3. HP: 26/28 MP: 6/6
  1704 | D:2      | Reached XP level 4. HP: 30/35 MP: 7/7
  2406 | D:3      | Learned a level 2 spell: Wereblood
  2421 | D:3      | Reached XP level 5. HP: 35/40 MP: 5/9
  2494 | D:3      | Found a faded altar of an unknown god.
  4507 | D:3      | Slain by a gnoll

Illustrated notes

Levels and vault maps discovered:
D:1:      dpeg_arrival_lava_temple_mockup, layout_loops_corners
D:2:      minmay_skewed_foursquare, layout_rooms, guppyfry_early_lair_pool
D:3:      minmay_diamond_boxcup, layout_loops_cross,
          shapermc_ecumenical_altar_starsandcircs
D:4:      layout_gridville, wad_floor_pattern_2

Skill      XL: |  1  2  3  4  5 |
---------------+----------------+-----
Transmutations | 3 4 |  4.1
Unarmed Combat | 4 |  4.6
Spellcasting   | 3 |  3.1
Fighting       | |  1.3
Dodging        | |  1.9

Action                   |  1- 3 |  4- 6 || total
-------------------------+-------+-------++-------
Melee: Unarmed           |   154 |   257 ||   411
       Tailslap          |    13 |    14 ||    27
       Kick              |     9 |     7 ||    16
       Headbutt          |     5 |     9 ||    14
       Punch             |     3 |     2 ||     5
 Cast: Beastly Appendage |     5 |     8 ||    13
       Wereblood         |       |     4 ||     4
Armor: Skin              |    52 |   106 ||   158
Dodge: Dodged            |    80 |   209 ||   289

Table legend: (Time is in decaauts)
 A = Elapsed time spent in this place.
 B = Non-inter-level travel time spent in this place.
 C = Inter-level travel time spent in this place.
 D = Time resting spent in this place.
 E = Time spent auto-exploring this place.
 F = Levels seen in this place.
 G = Mean time per level.
                   A        B        C        D        E       F      G
               +--------+--------+--------+--------+--------+-----+--------+
         Total |   4466 |   4308 |    158 |    790 |   2657 |   4 | 1116.5 |
       Dungeon |   4466 |   4308 |    158 |    790 |   2657 |   4 | 1116.5 |
               +--------+--------+--------+--------+--------+-----+--------+

Top non-repeatable levels by time:
     D:2: 1535 daAuts
     D:3: 1410 daAuts
     D:1: 1385 daAuts
     D:4: 135 daAuts
